 Dungeon Crawl Stone Soup version 0.25.1-8-g42b30a86e7 (webtiles) character file.

Game seed: 7335398572923678996

6496 Clowwww the Cleaver (level 10, -4/77 HPs)
             Began as a Demonspawn Fighter on Dec 5, 2020.
             Was a Follower of Trog.
             Slain by an ogre
             ... wielding a +0 giant spiked club
              (19 damage)
             ... on level 9 of the Dungeon.
             The game lasted 00:29:15 (11081 turns).

Clowwww the Cleaver (Demonspawn Fighter)           Turns: 11081, Time: 00:29:15

Health: -4/77      AC: 18    Str: 20    XL:     10   Next: 68%
Magic:  10/10      EV: 10    Int: 10    God:    Trog [*.....]
Gold:   507        SH: 10    Dex: 12    Spells: 9/9 levels left

rFire    . . .     SeeInvis +   a - +1 war axe (freeze)
rCold    . . .     Gourm    .   c - +0 kite shield
rNeg     . . .     Faith    .   b - +2 scale mail
rPois    .         Spirit   .   (helmet restricted)
rElec    .         Reflect  .   g - scarf {repulsion}
rCorr    +         Harm     .   (no gloves)
MR       .....                  (no boots)
Stlth    ..........             (no amulet)
HPRegen  0.22/turn              v - ring of see invisible
MPRegen  0.12/turn              u - ring of resist corrosion

@: sanguine armour, repel missiles
A: antennae 2, powered by death 3, sanguine armour 2
a: Berserk, Renounce Religion


You were on level 9 of the Dungeon.
You worshipped Trog.
Trog was aware of your devotion.
You were hungry.

You visited 2 branches of the dungeon, and saw 10 of its levels.
You also visited: Ossuary.

You collected 507 gold pieces.

Inventory:

Hand Weapons
 a - a +1 war axe of freezing (weapon)
Armour
 b - a +2 scale mail (worn)
 c - a +0 kite shield (worn)
 g - a scarf of repulsion (worn)
Jewellery
 e - a cursed ring of teleportation {unknown}
 o - a +6 ring of intelligence
 r - a +4 ring of protection {unknown}
 u - a ring of resist corrosion (right hand)
 v - a ring of see invisible (left hand)
Wands
 j - a wand of random effects (59)
 y - a wand of clouds (5)
 C - a wand of flame (18)
Scrolls
 d - 7 scrolls of teleportation
 h - 6 scrolls of remove curse
 k - 2 scrolls of fog
 l - 2 scrolls of blinking
 n - a scroll of identify
Potions
 i - a potion of curing
 m - a potion of might
 p - a potion of stabbing {unknown}
 q - a potion of brilliance {unknown}
 t - a potion of haste
 w - 2 potions of cancellation
 x - a potion of berserk rage
 B - a potion of flight {unknown}
Comestibles
 f - 20 rations


   Skills:
 + Level 6.3 Fighting
 + Level 8.9 Axes
 + Level 3.9 Throwing
 + Level 6.8 Armour
 + Level 4.7 Dodging
 + Level 1.6 Stealth
 + Level 6.8 Shields


You had 9 spell levels left.
You didn't know any spells.
Your spell library was empty.

Dungeon Overview and Level Annotations

Branches:
Dungeon (9/15)             Temple (1/1) D:5         Ossuary (visited)
   Lair: D:8-11         Orc: D:9-12

Altars:
Ashenzari
Cheibriados
Dithmenos
Elyvilon
Fedhas
Gozag
Hepliaklqana
Kikubaaqudgha
Makhleb
Nemelex Xobeh
Okawaru
Qazlal
Ru
Sif Muna
Trog
Uskayaw
Vehumet
Wu Jian
Xom
Yredelemnul
Zin
The Shining One


Innate Abilities, Weirdness & Mutations

You have a pair of antennae on your head.
You regenerate a lot of health from kills.
When seriously injured, your bleeding wounds create thick armour. (AC +9)


Message History

The yak barely misses you.
You slice the yak!! You freeze the yak.
The yak is almost dead.
The yak gores you!
* * * LOW HITPOINT WARNING * * *
You slash the yak! You freeze the yak.
You kill the yak!
Trog accepts your kill.
You feel much better. You block the ogre's attack.
Your shield and scale mail prevent you from hitting the ogre.
The ogre closely misses you.
You barely miss the ogre. You hit the ogre. You freeze the ogre.
The ogre is moderately wounded.
The ogre hits you with a +0 giant spiked club!
* * * LOW HITPOINT WARNING * * *
You hit the ogre. You freeze the ogre.
The ogre is heavily wounded.
The ogre hits you with a +0 giant spiked club!!
You die...

#..........#
########'### #...#
###.### #...#
#####†###### ######+###
#....>.....# #........#
#..........####Y.......#
#.....(....#@OYY.......#
#..........#.##........+
#..........).##........#
#..........####...††...#
############ #........#
#........# ###...####
#.### ...


You could see 3 yaks and an ogre.

Vanquished Creatures
  A two-headed ogre (D:9)
  Pikel (D:8)
  Prince Ribbit (D:8)
  Grinder (D:4)
  A hippogriff (D:8)
  Sigmund (D:3)
  3 yaks (D:9)
  Edmund (D:5)
  Purgy (D:4)
  2 ice beasts
  6 sky beasts
  A slave (D:8)
  An orc warrior (D:7)
  3 black bears
  3 ogres
  3 centaurs
  4 bullfrogs
  3 scorpions
  15 killer bees
  A howler monkey (D:5)
  2 crimson imps
  A bullfrog zombie (D:8)
  4 hounds
  A human zombie (Ossuary)
  3 bullfrog skeletons
  A gnoll shaman (D:6)
  6 orc priests
  9 orc wizards
  Crazy Yiuf (D:2)
  Jessica (D:2)
  An iguana (D:4)
  Terence (D:2)
  4 worker ants
  2 hound skeletons
  3 mummies (Ossuary)
  13 adders
  3 gnolls (D:6)
  A shadow imp (D:6)
  An adder skeleton (D:4)
  An adder zombie (D:5)
  2 worms
  6 dart slugs
  10 leopard geckos
  36 orcs
  8 giant cockroaches
  3 goblins
  16 hobgoblins
  12 jackals
  9 kobolds
  3 quokkas
  A ball python (D:5)
  12 bats
  4 frilled lizards
  A goblin zombie (Ossuary)
  2 hobgoblin zombies (Ossuary)
  A jackal skeleton (D:6)
  3 kobold zombies (Ossuary)
  An orc zombie (Ossuary)
  14 rats
256 creatures vanquished.

Vanquished Creatures (others)
  4 plants
4 creatures vanquished.

Grand Total: 260 creatures vanquished

Notes
Turn   | Place    | Note
-------+----------+-------------------------------------------
     0 | D:1      | Clowwww the Demonspawn Fighter began the quest for the Orb.
     0 | D:1      | Reached XP level 1. HP: 18/18 MP: 1/1
   194 | D:1      | Gained mutation: When seriously injured, your bleeding
                  | wounds create armour. (AC +9) [demonic ancestry]
   194 | D:1      | Reached XP level 2. HP: 24/24 MP: 2/2
   303 | D:1      | Reached skill level 2 in Axes
   369 | D:1      | Gained mutation: You regenerate a little health from kills.
                  | [demonic ancestry]
   369 | D:1      | Reached XP level 3. HP: 23/29 MP: 3/3
  1453 | D:2      | Noticed Terence
  1467 | D:2      | Gained mutation: You regenerate health from kills. [demonic
                  | ancestry]
  1467 | D:2      | Reached XP level 4. HP: 24/35 MP: 4/4
  1472 | D:2      | Killed Terence
  2131 | D:2      | Reached skill level 1 in Throwing
  2233 | D:2      | Found a runed translucent door.
  2234 | D:2      | Noticed Crazy Yiuf
  2247 | D:2      | Killed Crazy Yiuf
  2247 | D:2      | Reached XP level 5. HP: 19/41 MP: 5/5
  2511 | D:2      | Noticed Jessica
  2521 | D:2      | Killed Jessica
  2866 | D:3      | Reached skill level 3 in Axes
  2926 | D:3      | Noticed Sigmund
  2943 | D:3      | Killed Sigmund
  2943 | D:3      | Gained mutation: You have a pair of small antennae on your
                  | head. [demonic ancestry]
  2943 | D:3      | Reached XP level 6. HP: 20/48 MP: 6/6
  3138 | D:3      | Found a radiant altar of Vehumet.
  4000 | D:4      | Noticed Grinder
  4010 | D:4      | Paralysed by Grinder for 7 turns
  4020 | D:4      | Paralysed by Grinder for 3 turns
  4029 | D:4      | HP: 2/48 [Grinder/nerve-wracking pain (5)]
  4377 | D:4      | Killed Grinder
  4377 | D:4      | Reached skill level 4 in Axes
  4377 | D:4      | Reached skill level 1 in Dodging
  4377 | D:4      | Reached XP level 7. HP: 26/54 MP: 7/7
  4528 | D:4      | Noticed Purgy
  4540 | D:4      | Killed Purgy
  5220 | D:5      | Entered Level 5 of the Dungeon
  5244 | D:5      | Reached skill level 5 in Axes
  5244 | D:5      | Gained mutation: You regenerate a lot of health from kills.
                  | [demonic ancestry]
  5244 | D:5      | Reached XP level 8. HP: 44/61 MP: 8/8
  5338 | D:5      | Found a glowing golden altar of the Shining One.
  5406 | D:5      | Found a faded altar of an unknown god.
  5408 | D:5      | Found a staircase to the Ecumenical Temple.
  5416 | Temple   | Entered the Ecumenical Temple
  5513 | D:5      | Found a hazy altar of Hepliaklqana.
  5546 | D:5      | Noticed Edmund
  5564 | D:5      | Killed Edmund
  6185 | D:5      | Found a glowing silver altar of Zin.
  6186 | D:5      | Found a shimmering altar of Xom.
  6186 | D:5      | Noticed an angel
  6605 | D:5      | Reached skill level 5 in Shields
  6616 | D:5      | Reached skill level 5 in Armour
  6844 | D:6      | Found a blossoming altar of Fedhas.
  7333 | D:6      | Reached skill level 6 in Axes
  7398 | D:6      | Reached skill level 5 in Fighting
  7553 | D:7      | Gained mutation: You have a pair of antennae on your head.
                  | [demonic ancestry]
  7553 | D:7      | Reached XP level 9. HP: 47/68 MP: 9/9
  8569 | D:7      | Found a burning altar of Makhleb.
  8569 | D:7      | Noticed a green death
  8572 | D:7      | Noticed a smoke demon
  8572 | D:7      | Noticed a hellwing
  9045 | D:7      | Reached skill level 7 in Axes
  9309 | D:8      | Found a sand-covered staircase.
  9314 | Ossuary  | Entered an ossuary
  9552 | D:8      | Reached skill level 1 in Stealth
  9624 | D:8      | Found a white marble altar of Elyvilon.
  9624 | D:8      | Found a bloodstained altar of Trog.
  9628 | D:8      | Became a worshipper of Trog the Wrathful
  9654 | D:8      | Noticed Prince Ribbit
  9693 | D:8      | Killed Prince Ribbit
  9693 | D:8      | Gained mutation: When seriously injured, your bleeding
                  | wounds create thick armour. (AC +9) [demonic ancestry]
  9693 | D:8      | Reached XP level 10. HP: 32/75 MP: 10/10
  9915 | D:8      | Reached skill level 8 in Axes
 10116 | D:8      | Found a glowing golden altar of the Shining One.
 10178 | D:8      | Noticed Pikel
 10199 | D:8      | Killed Pikel
 11000 | D:9      | Reached * piety under Trog
 11011 | D:9      | Noticed a two-headed ogre
 11018 | D:9      | Killed a two-headed ogre
 11081 | D:9      | Slain by an ogre

Illustrated notes

Levels and vault maps discovered:
D:1:      wheals_arrival_linesprint, layout_basic, minmay_heptomino_o4
D:2:      layout_basic, uniq_jessica, uniq_crazy_yiuf_cottage, uniq_terence
D:3:      layout_loops_ring, vehumet_crystals, lexackson_kobold_supper,
          uniq_sigmund
D:4:      layout_cave_pods, first_ration, uniq_purgy, uniq_grinder
D:5:      layout_gridville, grunt_temple_overflow_order_and_chaos_1,
          kennysheep_mini, lemuel_doored_altar, nicolae_temple_entry_ecumenical,
          uniq_edmund
D:6:      layout_loops_corners, kennysheep_little_box
D:7:      layout_loops_ring, makhleb_altar_promises_db, grunt_ogre_cave
D:8:      layout_gridville, gammafunk_temple_overflow_elements, basic_altar,
          nicolae_ossuary_entry_false_entrances, uniq_pikel, uniq_prince_ribbit1
D:9:      layout_roguey, orc_david_3, basic_altar, nicolae_looking_at_the_future
Temple:   nicolae_temple_god_jail

Skill      XL: |  1  2  3  4  5  6  7  8  9 10 |
---------------+-------------------------------+-----
Armour         | 3 4 5 6 |  6.8
Axes           | 2 3 4 5 6 7 8 |  8.9
Shields        | 3 4 5 6 |  6.8
Throwing       | 1 2 3 |  3.9
Fighting       | 4 5 6 |  6.3
Dodging        | 1 3 4 |  4.7
Stealth        | 1 |  1.6

Action                   |  1- 3 |  4- 6 |  7- 9 | 10-12 || total
-------------------------+-------+-------+-------+-------++-------
Melee: War axe           |   120 |   269 |   584 |   174 ||  1147
Throw: Boomerang         |    32 |    55 |    75 |     8 ||   170
Invok: Berserk           |       |       |       |     1 ||     1
Evoke: Wand              |       |       |     1 |       ||     1
  Use: Potion            |       |     3 |     3 |     1 ||     7
       Scroll            |       |    11 |     8 |     2 ||    21
  Eat: Chunk             |     2 |     9 |    19 |     2 ||    32
       Ration            |       |       |       |     1 ||     1
Armor: Scale mail        |    65 |   145 |   386 |    96 ||   692
Dodge: Dodged            |    44 |    95 |   238 |   121 ||   498
       Repelled          |       |       |     1 |     2 ||     3
Block: Kite shield       |    65 |   145 |   334 |   146 ||   690
